| TOP OF THE 1ST |
|
Decatur Commodores batting - Pitching for Cedar Rapids Cardinals : RHP David Cassetto
|
|
Pitching: RHP David Cassetto
|
|
|
Batting: LHB Alexis Marte
|
0-0: Called Strike 0-1: SINGLE (Line Drive, 8RS, EV 89.4 MPH)
|
|
Batting: SHB Roger Holt
|
0-0: Ball 1-0: Grounds into double play, 4-6-3 (Groundball, 4S, EV 90.0 MPH)
|
|
Batting: SHB Daniel Wieser
|
0-0: Ball 1-0: Foul Ball, location: 2F 1-1: Ball 2-1: Ball 3-1: Foul Ball, location: 2F 3-2: Base on Balls
|
|
Batting: LHB David Showalter
|
0-0: Called Strike 0-1: Ball Daniel Wieser steals 2nd base 1-1: Called Strike 1-2: Foul Ball, location: 2F 1-2: Ball 2-2: Ground out 6-3 (Groundball, P, EV 76.3 MPH)
|
| Top of the 1st over - 0 runs, 1 hit, 0 errors, 1 left on base; Decatur 0 - Cedar Rapids 0 |
| BOTTOM OF THE 1ST |
|
Cedar Rapids Cardinals batting - Pitching for Decatur Commodores : LHP Carlos Montaneze
|
|
Pitching: LHP Carlos Montaneze
|
|
|
Batting: RHB Nehames Bernstine
|
0-0: Called Strike 0-1: Bunt for hit to 25 - play at first, batter OUT! 5-3
|
|
Batting: RHB Winston Ficklin
|
0-0: Ball 1-0: DOUBLE (Line Drive, 9LM, EV 103.1 MPH)
|
|
Batting: RHB Reggie D Williams
|
0-0: Called Strike 0-1: Ball 1-1: SINGLE (Line Drive, 3D, EV 98.8 MPH) Winston Ficklin to third
|
|
Batting: LHB Robert O'Leath
|
0-0: Called Strike 0-1: Ball 1-1: Foul Ball, location: 2F 1-2: Ball 2-2: Ball 3-2: SINGLE (Line Drive, 8RS, EV 93.8 MPH) Winston Ficklin scores Reggie D Williams to second Reggie D Williams to third
|
|
Batting: RHB Carson Carroll
|
0-0: Called Strike 0-1: Fly out, F9 (Flyball, 9LD, EV 107.5 MPH) Runner from 3rd tags up, SCORES, no throw by RF
|
|
Batting: SHB Bryan Hoppie
|
0-0: SINGLE (Line Drive, 4MD, EV 98.1 MPH) Robert O'Leath to second Runner from 2nd tries for 3rd, SAFE, throw by CF made to third
|
|
Batting: RHB Dean Kornacker
|
0-0: Called Strike 0-1: Ball 1-1: Ball 2-1: Swinging Strike 2-2: Ground out 4-3 (Groundball, 4S, EV 78.1 MPH)
|
| Bottom of the 1st over - 2 runs, 4 hits, 0 errors, 2 left on base; Decatur 0 - Cedar Rapids 2 |
| TOP OF THE 2ND |
|
Decatur Commodores batting - Pitching for Cedar Rapids Cardinals : RHP David Cassetto
|
|
Batting: SHB Rondin Johnson
|
0-0: Ball 1-0: Ground out 4-3 (Groundball, 34, EV 80.0 MPH)
|
|
Batting: LHB Jerry Miller
|
0-0: Ball 1-0: Swinging Strike 1-1: Foul Ball, location: 2F 1-2: Ground out 4-3 (Groundball, 4, EV 86.9 MPH)
|
|
Batting: RHB Clifton Wilder
|
0-0: Called Strike 0-1: SINGLE (Flyball, 56D, EV 95.6 MPH)
|
|
Batting: LHB Samuel Taves
|
0-0: Ball 1-0: Called Strike 1-1: Called Strike 1-2: Fly out, F8 (Flyball, 8RD, EV 86.3 MPH)
|
| Top of the 2nd over - 0 runs, 1 hit, 0 errors, 1 left on base; Decatur 0 - Cedar Rapids 2 |
| BOTTOM OF THE 2ND |
|
Cedar Rapids Cardinals batting - Pitching for Decatur Commodores : LHP Carlos Montaneze
|
|
Batting: LHB Chris Henry
|
0-0: Called Strike 0-1: Called Strike 0-2: Foul Ball, location: 2F 0-2: Fly out, F8 (Flyball, 89D, EV 76.3 MPH)
|
|
Batting: SHB Duane Johnson
|
0-0: Ball 1-0: SINGLE (Groundball, 34D, EV 97.5 MPH)
|
|
Batting: RHB Nehames Bernstine
|
0-0: Bunt missed! 0-1: Fielders Choice at 2nd, 1-6 (Groundball, 34S, EV 72.5 MPH)
|
|
Batting: RHB Winston Ficklin
|
0-0: Ball 1-0: Reached on error, E4 (Groundball, 4, EV 80.6 MPH) Nehames Bernstine to second
|
|
Batting: RHB Reggie D Williams
|
0-0: Ball 1-0: Fly out, F7 (Line Drive, 7, EV 90.6 MPH)
|
| Bottom of the 2nd over - 0 runs, 1 hit, 1 error, 2 left on base; Decatur 0 - Cedar Rapids 2 |
| TOP OF THE 3RD |
|
Decatur Commodores batting - Pitching for Cedar Rapids Cardinals : RHP David Cassetto
|
|
Batting: RHB Rex Farrior
|
0-0: Ball 1-0: Foul Ball, location: 2F 1-1: Ball 2-1: Foul Ball, location: 2F 2-2: SINGLE (Groundball, 34D, EV 105.0 MPH)
|
|
Batting: LHB Alexis Marte
|
0-0: Ball 1-0: Ball 2-0: Ball 3-0: Base on Balls Rex Farrior to second
|
|
Batting: SHB Roger Holt
|
0-0: Foul Ball, location: 2F 0-1: Ball 1-1: Ground out 4-3 (Groundball, 4MS, EV 68.1 MPH) Rex Farrior to third Alexis Marte to second
|
|
Batting: SHB Daniel Wieser
|
0-0: Foul Ball, location: 2F 0-1: Ball 1-1: Ball 2-1: Reached on error, E6 (Groundball, 6M, EV 86.3 MPH) Rex Farrior scores Alexis Marte scores
|
|
Batting: LHB David Showalter
|
0-0: Ball 1-0: Ball 2-0: Fly out, F9 (Flyball, 89S, EV 79.4 MPH)
|
|
Batting: SHB Rondin Johnson
|
0-0: Ball 1-0: Foul Ball, location: 2F 1-1: Ball 2-1: Called Strike 2-2: SINGLE (Groundball, 34S, EV 60.6 MPH) (infield hit) Daniel Wieser to third
|
|
Batting: LHB Jerry Miller
|
0-0: Ball 1-0: Ground out 2-3 (Groundball, 2R, EV 75.0 MPH)
|
| Top of the 3rd over - 2 runs, 2 hits, 1 error, 2 left on base; Decatur 2 - Cedar Rapids 2 |
| BOTTOM OF THE 3RD |
|
Cedar Rapids Cardinals batting - Pitching for Decatur Commodores : LHP Carlos Montaneze
|
|
Batting: LHB Robert O'Leath
|
0-0: Called Strike 0-1: Ball 1-1: Foul Ball, location: 2F 1-2: Ground out 4-3 (Groundball, 4, EV 98.8 MPH)
|
|
Batting: RHB Carson Carroll
|
0-0: Foul Ball, location: 2F 0-1: Ball 1-1: Fly out, F4 (Popup, 34S, EV 80.6 MPH)
|
|
Batting: SHB Bryan Hoppie
|
0-0: Ball 1-0: Foul Ball, location: 2F 1-1: Foul Ball, location: 2F 1-2: Foul Ball, location: 2F 1-2: Ground out 4-3 (Groundball, 4, EV 102.5 MPH)
|
| Bottom of the 3rd over - 0 runs, 0 hits, 0 errors, 0 left on base; Decatur 2 - Cedar Rapids 2 |
| TOP OF THE 4TH |
|
Decatur Commodores batting - Pitching for Cedar Rapids Cardinals : RHP David Cassetto
|
|
Batting: RHB Clifton Wilder
|
0-0: Called Strike 0-1: Ball 1-1: Swinging Strike 1-2: Ball 2-2: Ground out 5-3 (Groundball, 56, EV 80.6 MPH)
|
|
Batting: LHB Samuel Taves
|
0-0: Called Strike 0-1: Fly out, F3 (Popup, 3D, EV 53.1 MPH)
|
|
Batting: RHB Rex Farrior
|
0-0: Ball 1-0: Ball 2-0: Swinging Strike 2-1: Ball 3-1: Ground out U3 (Groundball, 3, EV 88.8 MPH)
|
| Top of the 4th over - 0 runs, 0 hits, 0 errors, 0 left on base; Decatur 2 - Cedar Rapids 2 |
| BOTTOM OF THE 4TH |
|
Cedar Rapids Cardinals batting - Pitching for Decatur Commodores : LHP Carlos Montaneze
|
|
Batting: RHB Dean Kornacker
|
0-0: Swinging Strike 0-1: Ball 1-1: Fly out, F8 (Flyball, 8RM, EV 79.4 MPH)
|
|
Batting: LHB Chris Henry
|
0-0: Foul Ball, location: 2F 0-1: Ball 1-1: Ball 2-1: Called Strike 2-2: Fly out, F7 (Flyball, 78M, EV 82.5 MPH)
|
|
Batting: SHB Duane Johnson
|
0-0: Ball 1-0: Foul Ball, location: 2F 1-1: Ball 2-1: Ball 3-1: Base on Balls
|
|
Batting: RHB Nehames Bernstine
|
0-0: Called Strike 0-1: Ball 1-1: Ball 2-1: Ball 3-1: Foul Ball, location: 2F 3-2: Fly out, F8 (Flyball, 8RM, EV 89.4 MPH)
|
| Bottom of the 4th over - 0 runs, 0 hits, 0 errors, 1 left on base; Decatur 2 - Cedar Rapids 2 |
| TOP OF THE 5TH |
|
Decatur Commodores batting - Pitching for Cedar Rapids Cardinals : RHP David Cassetto
|
|
Batting: LHB Alexis Marte
|
0-0: Called Strike 0-1: Called Strike 0-2: Strikes out swinging
|
|
Batting: SHB Roger Holt
|
0-0: Ball 1-0: Fly out, F8 (Flyball, 8RD, EV 97.5 MPH)
|
|
Batting: SHB Daniel Wieser
|
0-0: Called Strike 0-1: Ball 1-1: Ball 2-1: Foul Ball, location: 2F 2-2: Ball 3-2: Base on Balls
|
|
Batting: LHB David Showalter
|
0-0: Ball 1-0: Called Strike 1-1: Ball 2-1: Swinging Strike 2-2: Strikes out swinging
|
| Top of the 5th over - 0 runs, 0 hits, 0 errors, 1 left on base; Decatur 2 - Cedar Rapids 2 |
| BOTTOM OF THE 5TH |
|
Cedar Rapids Cardinals batting - Pitching for Decatur Commodores : LHP Carlos Montaneze
|
|
Batting: RHB Winston Ficklin
|
0-0: Ball 1-0: Ball 2-0: Called Strike 2-1: SINGLE (Line Drive, 7S, EV 106.3 MPH)
|
|
Batting: RHB Reggie D Williams
|
0-0: Ball 1-0: Ball Wild Pitch! Winston Ficklin to second 2-0: Ball 3-0: Base on Balls
|
|
Batting: LHB Robert O'Leath
|
0-0: Ball 1-0: 3-RUN HOME RUN (Flyball, 9D, EV 108.1 MPH), Distance : 372 ft
|
|
Pitching: RHP Peyton Mosher
|
|
|
Batting: RHB Carson Carroll
|
0-0: Ball 1-0: SINGLE (Groundball, 56D, EV 100.0 MPH)
|
|
Batting: SHB Bryan Hoppie
|
0-0: Ball 1-0: Foul Ball, location: 2F 1-1: Ball 2-1: DOUBLE (Line Drive, 3D, EV 101.9 MPH) Carson Carroll to third
|
|
Batting: RHB Dean Kornacker
|
0-0: Called Strike 0-1: Ball 1-1: Ball 2-1: Ball 3-1: Called Strike 3-2: Strikes out swinging
|
|
Batting: LHB Chris Henry
|
0-0: Called Strike 0-1: Ball 1-1: Swinging Strike 1-2: Ball 2-2: Fly out, F8 (Flyball, 89D, EV 100.0 MPH) Runner from 3rd tags up, SCORES, throw by CF Bryan Hoppie to third
|
|
Batting: SHB Duane Johnson
|
0-0: Ball 1-0: Foul Ball, location: 2F 1-1: Foul Ball, location: 2F 1-2: SINGLE (Groundball, 56, EV 105.0 MPH) Bryan Hoppie scores
|
|
Batting: RHB Nehames Bernstine
|
0-0: Called Strike 0-1: Swinging Strike 0-2: Ground out 5-3 (Groundball, 56S, EV 70.0 MPH)
|
| Bottom of the 5th over - 5 runs, 5 hits, 0 errors, 1 left on base; Decatur 2 - Cedar Rapids 7 |
| TOP OF THE 6TH |
|
Decatur Commodores batting - Pitching for Cedar Rapids Cardinals : RHP David Cassetto
|
|
Batting: SHB Rondin Johnson
|
0-0: Ball 1-0: Ball 2-0: Fly out, F4 (Popup, 34S, EV 73.8 MPH)
|
|
Batting: LHB Jerry Miller
|
0-0: Swinging Strike 0-1: Ball 1-1: Fly out, F8 (Line Drive, 8LD, EV 98.8 MPH)
|
|
Batting: RHB Clifton Wilder
|
0-0: Ground out 6-3 (Groundball, 6, EV 80.6 MPH)
|
| Top of the 6th over - 0 runs, 0 hits, 0 errors, 0 left on base; Decatur 2 - Cedar Rapids 7 |
| BOTTOM OF THE 6TH |
|
Cedar Rapids Cardinals batting - Pitching for Decatur Commodores : RHP Peyton Mosher
|
|
Batting: RHB Winston Ficklin
|
0-0: Ground out 4-3 (Groundball, 4MS, EV 78.8 MPH)
|
|
Batting: RHB Reggie D Williams
|
0-0: Fly out, F2 (Popup, 23F, EV 87.5 MPH)
|
|
Batting: LHB Robert O'Leath
|
0-0: Fly out, F8 (Flyball, 8LD, EV 96.3 MPH)
|
| Bottom of the 6th over - 0 runs, 0 hits, 0 errors, 0 left on base; Decatur 2 - Cedar Rapids 7 |
| TOP OF THE 7TH |
|
Decatur Commodores batting - Pitching for Cedar Rapids Cardinals : RHP David Cassetto
|
|
Batting: LHB Samuel Taves
|
0-0: Called Strike 0-1: Ball 1-1: Foul Ball, location: 2F 1-2: Foul Ball, location: 2F 1-2: Ball 2-2: Foul Ball, location: 2F 2-2: Fly out, F8 (Flyball, 8RD, EV 100.6 MPH)
|
|
Batting: RHB Rex Farrior
|
0-0: Called Strike 0-1: Ground out 6-3 (Groundball, 6S, EV 72.5 MPH)
|
|
Batting: LHB Alexis Marte
|
0-0: Ball 1-0: Ball 2-0: SINGLE (Flyball, 6D, EV 92.5 MPH)
|
|
Batting: SHB Roger Holt
|
0-0: Ball 1-0: Ball 2-0: Ball 3-0: Called Strike 3-1: Foul Ball, location: 2F 3-2: Base on Balls Alexis Marte to second
|
|
Batting: SHB Daniel Wieser
|
0-0: Called Strike 0-1: Ball 1-1: SINGLE (Line Drive, 8RS, EV 91.9 MPH) Alexis Marte to third Roger Holt to second Runner from 3rd tries for Home, SAFE, throw by CF to home
|
|
Batting: LHB David Showalter
|
0-0: Swinging Strike 0-1: Ball 1-1: Foul Ball, location: 2F 1-2: Ball 2-2: Fielders Choice at 2nd, 6-4 (Groundball, 6, EV 83.1 MPH)
|
| Top of the 7th over - 1 run, 2 hits, 0 errors, 2 left on base; Decatur 3 - Cedar Rapids 7 |
| BOTTOM OF THE 7TH |
|
Cedar Rapids Cardinals batting - Pitching for Decatur Commodores : RHP Peyton Mosher
|
|
Batting: RHB Carson Carroll
|
0-0: Ball 1-0: Ground out 6-3 (Groundball, 6, EV 101.3 MPH)
|
|
Batting: SHB Bryan Hoppie
|
0-0: Ball 1-0: Ball 2-0: Ball 3-0: Base on Balls
|
|
Pitching: RHP William Martin
|
|
|
Batting: RHB Dean Kornacker
|
0-0: SINGLE (Line Drive, 3, EV 67.5 MPH) (infield hit) Bryan Hoppie to second
|
|
Batting: LHB Chris Henry
|
0-0: Ball 1-0: Ball Bryan Hoppie steals 3rd base 2-0: Called Strike 2-1: Called Strike 2-2: Fly out, F7 (Flyball, 78S, EV 70.6 MPH) Runner from 3rd tags up, SCORES, throw by LF
|
|
Batting: SHB Duane Johnson
|
0-0: Swinging Strike 0-1: Fielders Choice at 2nd, 6-4 (Groundball, 56, EV 108.1 MPH)
|
| Bottom of the 7th over - 1 run, 1 hit, 0 errors, 1 left on base; Decatur 3 - Cedar Rapids 8 |
| TOP OF THE 8TH |
|
Decatur Commodores batting - Pitching for Cedar Rapids Cardinals : RHP David Cassetto
|
|
Batting: SHB Rondin Johnson
|
0-0: Ball 1-0: Ground out 5-3 (Groundball, 56S, EV 77.5 MPH)
|
|
Batting: LHB Jerry Miller
|
0-0: Foul Ball, location: 2F 0-1: Ball 1-1: Ball 2-1: Ball 3-1: Ground out 6-3 (Groundball, 6, EV 99.4 MPH)
|
|
Batting: RHB Clifton Wilder
|
0-0: Called Strike 0-1: Fly out, F5 (Line Drive, 5, EV 70.0 MPH)
|
| Top of the 8th over - 0 runs, 0 hits, 0 errors, 0 left on base; Decatur 3 - Cedar Rapids 8 |
| BOTTOM OF THE 8TH |
|
Cedar Rapids Cardinals batting - Pitching for Decatur Commodores : RHP William Martin
|
|
Batting: RHB Nehames Bernstine
|
0-0: Ball 1-0: Called Strike 1-1: Fly out, F8 (Flyball, 8RS, EV 78.8 MPH)
|
|
Batting: RHB Winston Ficklin
|
0-0: Foul Ball, location: 2F 0-1: Called Strike 0-2: Foul Ball, location: 2F 0-2: Ball 1-2: Foul Ball, location: 2F 1-2: Foul Ball, location: 2F 1-2: Ground out 6-3 (Groundball, 6, EV 92.5 MPH)
|
|
Batting: RHB Reggie D Williams
|
0-0: Foul Ball, location: 2F 0-1: Ground out 5-3 (Groundball, 56, EV 95.0 MPH)
|
| Bottom of the 8th over - 0 runs, 0 hits, 0 errors, 0 left on base; Decatur 3 - Cedar Rapids 8 |
| TOP OF THE 9TH |
|
Decatur Commodores batting - Pitching for Cedar Rapids Cardinals : RHP David Cassetto
|
|
Batting: LHB Samuel Taves
|
0-0: Ball 1-0: Swinging Strike 1-1: Ball 2-1: Ground out 4-3 (Groundball, 34, EV 84.4 MPH)
|
|
Batting: RHB Rex Farrior
|
0-0: Called Strike 0-1: Foul Ball, location: 2F 0-2: Ball 1-2: Foul Ball, location: 2F 1-2: Ball 2-2: Fly out, F4 (Flyball, 34D, EV 76.9 MPH)
|
|
Batting: LHB Alexis Marte
|
0-0: Ball 1-0: Ball 2-0: Ball 3-0: Called Strike 3-1: Called Strike 3-2: Ground out 4-3 (Groundball, 4D, EV 105.0 MPH)
|
| Top of the 9th over - 0 runs, 0 hits, 0 errors, 0 left on base; Decatur 3 - Cedar Rapids 8 |
|